 Dungeon Crawl Stone Soup version 0.28-a0-1518-gbe868bca14 (webtiles) character file.

Game seed: 688759299390990812

20 hashsling the Magician (level 2, -1/15 HPs)
             Began as a Deep Elf Hedge Wizard on Jan 16, 2022.
             Slain by Natasha (5 damage)
             ... on level 2 of the Dungeon.
             The game lasted 00:01:49 (1234 turns).

hashsling the Magician (Deep Elf Hedge Wizard)      Turns: 1234, Time: 00:01:50

Health: -1/15      AC:  2    Str:  7    XL:     2   Next: 58%
Magic:  6/10       EV: 12    Int: 18    God:
Gold:   23         SH:  0    Dex: 14    Spells: 5/11 levels left

rFire   . . .      SeeInvis .   a - +0 dagger
rCold   . . .      Faith    .   (no shield)
rNeg    . . .      Spirit   .   b - +0 robe
rPois   .          Reflect  .   c - +0 hat
rElec   .          Harm     .   (no cloak)
rCorr   .          Rampage  .   (no gloves)
Will    .....                   (no boots)
Stlth   ++........              (no amulet)
HPRegen 0.05/turn               (no ring)
MPRegen 0.12/turn               (no ring)

@: slowed, very slow
A: no striking features
a: no special abilities


You were on level 2 of the Dungeon.
You visited 1 branch of the dungeon, and saw 2 of its levels.

You collected 23 gold pieces.

Inventory:

Hand Weapons
 a - a +0 dagger (weapon)
Armour
 b - a +0 robe (worn)
 c - a +0 hat (worn)
Scrolls
 d - a scroll of identify {unknown}
 e - a scroll of vulnerability {unknown}
 i - a scroll of immolation {unknown}
Potions
 f - a potion of curing {unknown}
 g - a potion of ambrosia {unknown}
 h - a potion of lignification {unknown}


   Skills:
 - Level 2.4 Dodging
 - Level 2.4 Stealth
 * Level 5.0 Spellcasting
 * Level 2.1 Conjurations
 - Level 1.1 Summonings
 - Level 1.1 Translocations


You had 5 spell levels left.
You knew the following spells:

 Your Spells              Type           Power      Damage    Failure   Level
a - Magic Dart            Conj           48%        1d5       5%          1
b - Blink                 Tloc           16%        N/A       13%         2
c - Call Imp              Summ           8%         N/A       13%         2
d - Slow                  Hex            16%        N/A       13%         1

Your spell library contained the following spells:

 Spells                   Type           Power      Damage    Failure   Level
 Conjure Flame            Conj/Fire      8%         6-21      26%         3
 Mephitic Cloud           Conj/Pois/Air  7%         N/A       28%         3


Dungeon Overview and Level Annotations

Branches:
Dungeon (2/15)

Altars:

Annotations:
D:2 Natasha


Message History

There is a stone staircase leading up here.
You now have 23 gold pieces (gained 14).
Natasha, Servant of Life and Death comes into view.
Found an escape hatch in the floor.
Found a stone staircase leading down.
The magic dart hits Natasha.
Natasha is moderately wounded.
Natasha hisses angrily.
You hear a shout!
Natasha casts a spell at you.
You feel yourself slow down.
You hear an angry hiss.
Casting: Magic Dart (safe; 5% risk of failure)
Confirm with . or Enter, or press ? or * to list all spells.
You miscast Call Imp.
You are very lightly contaminated with residual magic.
Nothing appears to happen.
Natasha stares at you and mumbles some strange words.
The magic dart hits you!
Ouch! That really hurt!
* * * LOW HITPOINT WARNING * * *
Casting: Call Imp (safe; 13% risk of failure)
Confirm with . or Enter, or press ? or * to list all spells.
A beastly little devil appears in a puff of flame.
Natasha casts a spell at you.
You feel as though you will be slow longer.
A frilled lizard comes into view.
A kobold comes into view. It is wielding a +0 short sword.
You swap places.
Natasha claws your crimson imp!
Your crimson imp hits Natasha but does no damage.
Natasha claws your crimson imp!
Your crimson imp dies!
Your crimson imp disappears in a puff of smoke!
Natasha mumbles some strange words.
You feel troubled.
Your magical contamination has completely faded away.
Natasha claws you.
* * * LOW HITPOINT WARNING * * *
The frilled lizard hisses.
Natasha misses you. Natasha claws you.
You die...

##########
##...##...##
##.........<##
#............#
#............#
#............#
.########..........##
.............h@...##
^###########K#........
#..#<#####.. #.##..
#l##### #.##.# #....#
##...# #.#..


You could see Natasha and a kobold.

Vanquished Creatures
  A ball python (D:1)
  4 endoplasms (D:1)
  A giant cockroach (D:1)
  2 goblins (D:1)
  A hobgoblin (D:1)
  A kobold (D:1)
  2 quokkas (D:1)
  2 bats (D:1)
  A frilled lizard (D:1)
  2 rats (D:1)
17 creatures vanquished.

Notes
Turn   | Place    | Note
-------+----------+-------------------------------------------
     0 | D:1      | hashsling the Deep Elf Hedge Wizard began the quest for the
                  | Orb.
     0 | D:1      | Reached XP level 1. HP: 10/10 MP: 7/7
   457 | D:1      | Reached XP level 2. HP: 15/15 MP: 4/9
   460 | D:1      | Learned a level 2 spell: Blink
   463 | D:1      | Learned a level 2 spell: Call Imp
   465 | D:1      | Learned a level 1 spell: Slow
   786 | D:1      | Reached skill level 5 in Spellcasting
   828 | D:1      | Found a faded altar of an unknown god.
  1224 | D:2      | Noticed Natasha
  1234 | D:2      | Slain by Natasha

Illustrated notes

Levels and vault maps discovered:
D:1:      lightli_arrival_lavapool, layout_loops_corners, basic_ecumenical_altar
D:2:      layout_rooms, uniq_natasha

Skill      XL: |  1  2 |
---------------+-------+-----
Conjurations   | 2 |  2.1
Spellcasting   | 5 |  5.0
Dodging        | |  2.4
Stealth        | |  2.4
Summonings     | |  1.1
Translocations | |  1.1

Action                   || total
-------------------------++-------
 Cast: Magic Dart        ||    41
       Call Imp          ||     1
Armor: Robe              ||     2
Dodge: Dodged            ||     2

Table legend: (Time is in decaauts)
 A = Elapsed time spent in this place.
 B = Non-inter-level travel time spent in this place.
 C = Inter-level travel time spent in this place.
 D = Time resting spent in this place.
 E = Time spent auto-exploring this place.
 F = Levels seen in this place.
 G = Mean time per level.
                   A        B        C        D        E       F      G
               +--------+--------+--------+--------+--------+-----+--------+
         Total |   1237 |   1219 |     18 |      0 |   1119 |   2 |  618.5 |
       Dungeon |   1237 |   1219 |     18 |      0 |   1119 |   2 |  618.5 |
               +--------+--------+--------+--------+--------+-----+--------+

Top non-repeatable levels by time:
     D:1: 1196 daAuts
     D:2: 41 daAuts
